 Dungeon Crawl Stone Soup version 0.18.1-8-gdd0e5ea (webtiles) character file.

5389 stigmas the Reanimator (level 10, -4/77 HPs)
             Began as a Demonspawn Necromancer on June 8, 2016.
             Was a Believer of Makhleb.
             Slain by a hill giant
             ... wielding a cursed -2 giant club
              (35 damage)
             ... on level 11 of the Dungeon on June 9, 2016.
             The game lasted 00:37:15 (11040 turns).

stigmas the Reanimator (Demonspawn Necromancer)    Turns: 11040, Time: 00:37:15

Health: -4/77      AC:  9    Str: 12    XL:     10   Next: 39%
Magic:  22/29      EV: 14    Int: 17    God:    Makhleb [**....]
Gold:   434        SH:  0    Dex: 13    Spells: 3 memorised, 15 levels left

rFire  . . .     SeeInvis .     y - +4 great sword
rCold  . . .     Gourm    .     v - +2 leather armour {MR+}
rNeg   . . .     Faith    .     (shield currently unavailable)
rPois  .         Spirit   .     t - +0 helmet
rElec  .         Dismiss  .     a - +0 cloak (curse)
rCorr  .         Reflect  .     C - +0 pair of gloves
SustAt .         Harm     .     (no boots)
MR     +....                    (no amulet)
Stlth  +++.......               f - ring of magical power
                                q - ring of stealth

@: somewhat resistant to hostile enchantments, fairly stealthy
A: hooves 2, nightstalker 1, powered by death 2
a: Minor Destruction, Renounce Religion


You were on level 11 of the Dungeon.
You worshipped Makhleb.
Makhleb was pleased with you.
You were not hungry.

You visited 2 branches of the dungeon, and saw 12 of its levels.

You collected 434 gold pieces.

Inventory:

Hand Weapons
 d - a +1 great sword
 y - a +4 great sword (weapon)
Armour
 a - a cursed +0 cloak (worn)
 l - a troll hide
 t - a +0 helmet (worn)
 v - a +2 leather armour of magic resistance (worn)
 z - a +0 fire dragon armour
 C - a +0 pair of gloves (worn)
Jewellery
 f - a ring of magical power (right hand)
 q - a ring of stealth (left hand)
Wands
 x - a wand of iceblast (5/15)
Scrolls
 e - 5 scrolls of remove curse
 g - a scroll of magic mapping
 i - a scroll of amnesia
 p - a scroll of teleportation
 r - a scroll of immolation
 s - 2 scrolls of identify
Potions
 j - a potion of flight
 k - 3 potions of curing
 m - 2 potions of cure mutation
 o - 2 potions of might
 u - a potion of lignification
Books
 b - a book of Necromancy

   Spells                             Type                      Level
   a - Pain                           Necromancy                   1
   b - Animate Skeleton               Necromancy                   1
   c - Vampiric Draining              Necromancy                   3
   d - Regeneration                   Charms/Necromancy            3
   e - Animate Dead                   Necromancy                   4
   f - Control Undead                 Necromancy                   4
 w - a book of Unlife

   Spells                             Type                      Level
   a - Recall                         Summoning/Translocation      3
   b - Animate Dead                   Necromancy                   4
   c - Control Undead                 Necromancy                   4
   d - Cigotuvi's Embrace             Necromancy                   5
   e - Death Channel                  Necromancy                   6
   f - Simulacrum                     Ice/Necromancy               6
Comestibles
 c - 2 bread rations
 h - 2 beef jerkies
 n - 2 meat rations
 A - a slice of pizza


   Skills:
 * Level 6.4 Fighting
 * Level 5.9 Long Blades
 + Level 4.8 Armour
 + Level 5.4 Dodging
 - Level 1.7 Stealth
 * Level 6.7 Spellcasting
 + Level 0.1 Charms
 * Level 8.3 Necromancy


You had 15 spell levels left.
You knew the following spells:

 Your Spells              Type           Power        Failure   Level  Hunger
a - Pain                  Necr           ####         1%          1    None
b - Regeneration          Chrm/Necr      ###.......   12%         3    ##.....
c - Vampiric Draining     Necr           ####......   1%          3    ##.....


Dungeon Overview and Level Annotations

Branches:
Dungeon (11/15)            Temple (1/1) D:7
   Lair: D:8-11         Orc: D:9-12

Altars:
Ashenzari
Cheibriados
Dithmenos
Elyvilon
Fedhas
Gozag
Kikubaaqudgha
Makhleb
Nemelex Xobeh
Okawaru
Pakellas
Qazlal
Ru
Sif Muna
Trog
Vehumet
Xom
Yredelemnul
Zin
The Shining One


Innate Abilities, Weirdness & Mutations

You have hoof-like feet.
You are slightly more attuned to the shadows.
You regenerate health from kills.


Message History

You barely miss the hill giant.
The hill giant is moderately wounded.
The hill giant closely misses you.
Casting: Pain
Confirm with . or Enter, or press ? or * to list all spells.
Aiming: Vampiric Draining
Press: ? - help, Shift-Dir - straight line, f/p - hill giant
Aim: a hill giant, wielding a giant club (moderately wounded)
The hill giant is moderately wounded.
You feel life coursing into your body.
The hill giant hits you with a giant club!!
Casting: Vampiric Draining
Confirm with . or Enter, or press ? or * to list all spells.
Aiming: Vampiric Draining
Press: ? - help, Shift-Dir - straight line, f/p - hill giant
Aim: a hill giant, wielding a giant club (moderately wounded)
The hill giant is heavily wounded.
You feel life coursing into your body.
The hill giant hits you with a giant club!!
You die...

######.#######
#.# #.# #.#
#.# #.# #.#
#.########
#..@C...%.
##########


You could see a hill giant.

Vanquished Creatures
  2 trolls
  Prince Ribbit (D:5)
  4 yaks (D:8)
  A hungry ghost (D:8)
  A hippogriff (D:7)
  A water moccasin (D:8)
  An orc warrior (D:6)
  4 sky beasts
  A wasp (D:10)
  A black bear (D:10)
  An eye of draining (D:9)
  A phantom (D:6)
  4 ogres
  3 centaurs
  4 big kobolds
  7 giant frogs
  A water moccasin skeleton (D:5)
  2 scorpions
  6 wights
  2 giant frog zombies
  3 crimson imps
  2 jellies
  5 orc priests
  4 hounds
  2 centaur skeletons
  2 centaur zombies
  5 iguanas
  A giant frog skeleton (D:9)
  4 orc wizards
  6 worker ants
  A hound zombie (D:8)
  2 hound skeletons
  4 gnolls (D:7)
  10 adders
  2 shadow imps
  An ooze (D:2)
  2 adder zombies
  2 adder skeletons
  5 worms
  3 dart slugs
  4 giant geckos
  18 orcs
  4 giant cockroaches
  12 goblins
  10 hobgoblins
  7 jackals
  27 kobolds
  2 quokkas
  A ball python (D:3)
  11 bats
  A giant gecko zombie (D:5)
  5 giant newts
  A quokka skeleton (D:3)
  5 rats
222 creatures vanquished.

Vanquished Creatures (others)
  An orc priest (D:4)
1 creature vanquished.

Grand Total: 223 creatures vanquished

Notes
Turn   | Place    | Note
--------------------------------------------------------------
     0 | D:1      | stigmas the Demonspawn Necromancer began the quest for the Orb.
     0 | D:1      | Reached XP level 1. HP: 13/13 MP: 3/3
   270 | D:1      | Gained mutation: You have large cloven feet. [demonic ancestry]
   270 | D:1      | Reached XP level 2. HP: 14/19 MP: 0/5
  1297 | D:1      | Gained mutation: You regenerate a little health from kills. [demonic ancestry]
  1297 | D:1      | Reached XP level 3. HP: 22/25 MP: 2/6
  1361 | D:1      | Reached skill level 5 in Necromancy
  2089 | D:2      | Reached skill level 1 in Fighting
  2190 | D:2      | Found a bloodstained altar of Trog.
  2249 | D:2      | Reached XP level 4. HP: 26/32 MP: 8/8
  2984 | D:3      | Found a radiant altar of Vehumet.
  3280 | D:3      | Gained mutation: You are slightly more attuned to the shadows. [demonic ancestry]
  3280 | D:3      | Reached XP level 5. HP: 22/38 MP: 4/9
  3584 | D:3      | Learned a level 3 spell: Regeneration
  3588 | D:3      | Learned a level 3 spell: Vampiric Draining
  3621 | D:4      | Reached skill level 1 in Armour
  3685 | D:4      | Noticed an ogre
  3689 | D:4      | HP: 1/38 [ogre/giant club (17)]
  3974 | D:4      | Reached XP level 6. HP: 31/44 MP: 6/11
  4026 | D:5      | Entered Level 5 of the Dungeon
  4319 | D:5      | Found a shimmering altar of Xom.
  4707 | D:5      | Found a snail-covered altar of Cheibriados.
  4844 | D:5      | Found a snail-covered altar of Cheibriados.
  4866 | D:5      | Reached skill level 1 in Long Blades
  4866 | D:5      | Gained mutation: You have hoof-like feet. [demonic ancestry]
  4866 | D:5      | Reached XP level 7. HP: 35/51 MP: 12/12
  5010 | D:5      | Noticed Prince Ribbit
  5064 | D:5      | Killed Prince Ribbit
  5064 | D:5      | Reached skill level 6 in Necromancy
  5845 | D:6      | Gained mutation: You occasionally shout uncontrollably at your foes. [mutagenic meat]
  5846 | D:6      | Gained mutation: You are somewhat resistant to further mutation. [mutagenic meat]
  6009 | D:6      | Gained mutation: You regenerate health from kills. [demonic ancestry]
  6009 | D:6      | Reached XP level 8. HP: 50/58 MP: 14/14
  6633 | D:6      | Gained mutation: You are weak. (Str -2) [mutagenic meat]
  6634 | D:6      | Lost mutation: You are weak. (Str -2) [potion of cure mutation]
  6634 | D:6      | Lost mutation: You occasionally shout uncontrollably at your foes. [potion of cure mutation]
  6634 | D:6      | Lost mutation: You are somewhat resistant to further mutation. [potion of cure mutation]
  6891 | D:6      | Reached skill level 7 in Necromancy
  7010 | D:7      | Found an opulent altar of Gozag.
  7010 | D:7      | Found a sparkling altar of Nemelex Xobeh.
  7157 | D:7      | Reached skill level 5 in Spellcasting
  7359 | D:7      | Reached XP level 9. HP: 58/65 MP: 16/16
  7801 | D:7      | Found a staircase to the Ecumenical Temple.
  7812 | Temple   | Entered the Ecumenical Temple
  8308 | D:8      | Found a glowing silver altar of Zin.
  8309 | D:8      | Found a shadowy altar of Dithmenos.
  8311 | D:8      | Found a blossoming altar of Fedhas.
  8311 | D:8      | Found a burning altar of Makhleb.
  8313 | D:8      | Found a deep blue altar of Sif Muna.
  8314 | D:8      | Found a sacrificial altar of Ru.
  8345 | D:8      | Became a worshipper of Makhleb the Destroyer
  8408 | D:8      | Reached skill level 5 in Fighting
  8943 | D:8      | Reached * piety under Makhleb
  8976 | D:8      | Reached skill level 5 in Long Blades
  8976 | D:8      | Reached skill level 5 in Dodging
  9421 | D:9      | Reached skill level 8 in Necromancy
  9448 | D:9      | Reached XP level 10. HP: 76/76 MP: 0/19
 10084 | D:10     | Entered Level 10 of the Dungeon
 10191 | D:10     | Reached ** piety under Makhleb
 11032 | D:11     | Noticed a hill giant
 11040 | D:11     | Slain by a hill giant

Skill      XL: |  1  2  3  4  5  6  7  8  9 10 |
---------------+-------------------------------+-----
Dodging        | 2 3 4 5 |  5.4
Necromancy     | 5 6 7 8 |  8.3
Fighting       | 1 2 3 4 5 6 |  6.4
Spellcasting   | 3 4 5 6 |  6.7
Armour         | 1 2 4 |  4.8
Long Blades    | 1 2 3 5 |  5.9
Stealth        | |  1.7
Charms         | |  0.1

Action                   |  1- 3 |  4- 6 |  7- 9 | 10-12 || total
-------------------------+-------+-------+-------+-------++-------
Melee: Unarmed           |     3 |       |       |       ||     3
       Dagger            |   107 |       |       |       ||   107
       Kick              |    22 |    84 |   117 |    25 ||   248
       Short sword       |    60 |   342 |    35 |       ||   437
       Falchion          |       |       |   248 |       ||   248
       Great sword       |       |       |   194 |   119 ||   313
 Cast: Pain              |    25 |    13 |    10 |     2 ||    50
       Vampiric Draining |       |    11 |    39 |     9 ||    59
       Regeneration      |       |       |     4 |       ||     4
  Use: Scroll            |       |     8 |     2 |     1 ||    11
       Potion            |       |     3 |     6 |       ||     9
 Stab: Distracted        |     1 |     1 |       |     1 ||     3
       Sleeping          |     2 |     2 |    10 |     8 ||    22
  Eat: Chunk             |     4 |     8 |    15 |     4 ||    31
       Bread ration      |       |     1 |     1 |     1 ||     3
       Beef jerky        |       |       |     1 |       ||     1
       Pizza             |       |       |     4 |       ||     4
       Royal jelly       |       |       |     1 |       ||     1
Armor: Robe              |    44 |       |       |       ||    44
       Ring mail         |     4 |    84 |   180 |    11 ||   279
       Leather armour    |       |       |       |    40 ||    40
       Fire dragon armou |       |       |       |     2 ||     2
Dodge: Dodged            |   144 |   141 |   288 |   107 ||   680
